 Dungeon Crawl Stone Soup version 0.26-a0-652-gafc20e3620 (webtiles) character file.

Game seed: 17814312286926273684

44 DoubleLucky the Caller (level 3, -1/20 HPs)
             Began as a Tengu Summoner on Oct 3, 2020.
             Slain by an adder (3 damage)
             ... on level 2 of the Dungeon.
             The game lasted 00:05:39 (2909 turns).

DoubleLucky the Caller (Tengu Summoner)             Turns: 2909, Time: 00:05:40

Health: -1/20      AC:  2    Str:  8    XL:     3   Next: 62%
Magic:  4/7        EV: 13    Int: 16    God:
Gold:   105        SH:  0    Dex: 14    Spells: 3/6 levels left

rFire    . . .     SeeInvis .   o - -2 short sword (curse)
rCold    . . .     Faith    .   (no shield)
rNeg     . . .     Spirit   .   a - +0 robe
rPois    .         Reflect  .   (helmet restricted)
rElec    .         Harm     .   (no cloak)
rCorr    .         Rampage  .   (no gloves)
MR       .....                  (boots unavailable)
Stlth    ++........             (no amulet)
HPRegen  0.06/turn              (no ring)
MPRegen  0.10/turn              (no ring)

@: lethally poisoned (-1 -> -10)
A: beak, talons 3
a: no special abilities


You were on level 2 of the Dungeon.
You visited 1 branch of the dungeon, and saw 3 of its levels.

You collected 105 gold pieces.

Inventory:

Hand Weapons
 c - a +0 club
 g - a +0 dagger
 o - a cursed -2 short sword (weapon)
Missiles
 d - 23 stones (quivered)
 i - 8 atropa-tipped darts
Armour
 a - a +0 robe (worn)
 j - a +0 leather armour
Jewellery
 m - an uncursed ring of magical power {unknown}
Scrolls
 f - 2 scrolls of teleportation {unknown}
 h - 2 scrolls of identify {unknown}
 k - a scroll of remove curse {unknown}
Potions
 b - a potion of degeneration {unknown}
 e - a potion of flight {unknown}
 l - 2 potions of berserk rage {unknown}
 n - a potion of invisibility {unknown}


   Skills:
 + Level 1.2 Fighting
 + Level 1.3 Armour
 + Level 2.7 Dodging
 - Level 2.0 Stealth
 + Level 2.3 Spellcasting
 + Level 5.1 Summonings


You had 3 spell levels left.
You knew the following spells:

 Your Spells              Type           Power        Failure   Level
a - Summon Small Mammal   Summ           ###.         2%          1
b - Call Imp              Summ           ###.....     3%          2

Your spell library contained the following spells:

 Spells                   Type           Power        Failure   Level
 Call Canine Familiar     Summ           ###.....     8%          3
 Summon Guardian Golem    Hex/Summ       ##......     22%         3
 Summon Ice Beast         Ice/Summ       ##......     56%         4
 Summon Lightning Spire   Summ/Air       ##......     56%         4


Dungeon Overview and Level Annotations

Branches:
Dungeon (3/15)

Altars:
Ashenzari

Annotations:
D:3 Ijyb


Innate Abilities, Weirdness & Mutations

You have a beak for a mouth.
You have claws for feet.


Message History

You are lethally poisoned!
The adder poisons you! The adder bites you.
* * * LOW HITPOINT WARNING * * *
Casting: Summon Small Mammal (safe; 2% risk of failure)
Confirm with . or Enter, or press ? or * to list all spells.
* * * LOW HITPOINT WARNING * * *
You feel sick. The adder barely misses you. The adder completely misses you.
Your quokka bites the adder.
The adder bites you.
* * * LOW HITPOINT WARNING * * *
The adder barely misses you.
You hit the adder but do no damage.
The adder is heavily wounded.
The adder bites you.
* * * LOW HITPOINT WARNING * * *
Your quokka barely misses the adder.
The adder closely misses you.
You miss the adder. Your kick misses the adder.
The adder is heavily wounded.
* * * LOW HITPOINT WARNING * * *
You feel sick. The adder bites you.
You die...

......####.##.............#
#.#.#
.####.####.####.##.#.##.#.#
#.#.#
.####.#............#.##.#.#
#.#..
..........#.###.#..#.##.#.#
#.### .####.#.#.#.#
#.#..#.##.#.# #.#
......#.#.#.#
#.#..#.##.#.###.#
.###..#.#.#.#
#.#).#..........# .#
#..#.#.#.###S#..####.#####.#
.###..#.......rS@.......#
#.#
......#...#######r.######
#.# ......#............#
#.### .####.#...#######.##
#.... .####.#...........#
##### ..........############
#####.##.............#
####.############# #.#


You could see 2 adders, a friendly quokka (summoned) and a friendly rat
(summoned).

Vanquished Creatures
  A giant cockroach (D:3)
  3 goblins (D:1)
  2 hobgoblins (D:2)
  3 frilled lizards (D:1)
  2 kobolds (D:1)
11 creatures vanquished.

Vanquished Creatures (collateral kills)
  An adder (D:2)
  3 worms (D:2)
  2 dart slugs
  A leopard gecko (D:2)
  2 bats
  A giant cockroach (D:2)
  3 goblins (D:2)
  5 hobgoblins
  A quokka (D:2)
  2 frilled lizards (D:1)
  3 kobolds (D:1)
  4 rats (D:1)
28 creatures vanquished.

Grand Total: 39 creatures vanquished

Notes
Turn   | Place    | Note
-------+----------+-------------------------------------------
     0 | D:1      | DoubleLucky the Tengu Summoner began the quest for the Orb.
     0 | D:1      | Reached XP level 1. HP: 10/10 MP: 4/4
   502 | D:1      | Reached XP level 2. HP: 16/16 MP: 0/6
   510 | D:1      | Learned a level 2 spell: Call Imp
   577 | D:1      | Reached skill level 5 in Summonings
  1368 | D:2      | Reached skill level 1 in Armour
  1562 | D:2      | Reached XP level 3. HP: 19/20 MP: 2/7
  1611 | D:2      | Reached skill level 1 in Fighting
  2465 | D:2      | Found a broken altar of Ashenzari.
  2888 | D:3      | Found a faded altar of an unknown god.
  2892 | D:3      | Noticed Ijyb
  2909 | D:2      | Slain by an adder

Illustrated notes

Levels and vault maps discovered:
D:1:      dpeg_arrival_arbitrary_a, layout_basic
D:2:      layout_basic, lemuel_coloured_pillars_altar
D:3:      layout_rooms, lemuel_crystal_altar, fedhas_altar_2,
          grunt_temple_overflow_order_and_chaos_2,
          chequers_ecumenical_altar_simple, ebering_ghost_rock_garden,
          bh_walls_and_bars, uniq_ijyb

Skill      XL: |  1  2  3 |
---------------+----------+-----
Summonings     | 5 |  5.1
Armour         | 1 |  1.3
Fighting       | 1 |  1.2
Dodging        | |  2.7
Stealth        | |  2.0
Spellcasting   | |  2.3

Action                   || total
-------------------------++-------
Melee: Club              ||    11
       Kick              ||    10
       Peck              ||     6
       Unarmed           ||     1
       Dagger            ||    38
       Short sword       ||     9
 Cast: Summon Small Mamm ||    87
Armor: Robe              ||    13
Dodge: Dodged            ||    61

Table legend: (Time is in decaauts)
 A = Elapsed time spent in this place.
 B = Non-inter-level travel time spent in this place.
 C = Inter-level travel time spent in this place.
 D = Time resting spent in this place.
 E = Time spent auto-exploring this place.
 F = Levels seen in this place.
 G = Mean time per level.
                   A        B        C        D        E       F      G
               +--------+--------+--------+--------+--------+-----+--------+
         Total |   2911 |   2830 |     81 |      0 |   2431 |   3 |  970.3 |
       Dungeon |   2911 |   2830 |     81 |      0 |   2431 |   3 |  970.3 |
               +--------+--------+--------+--------+--------+-----+--------+

Top non-repeatable levels by time:
     D:2: 1556 daAuts
     D:1: 1302 daAuts
     D:3: 53 daAuts
